Map: New Repugnancy LE

Players

MarineLorD

  • Race: Terran Terran
  • League: Grandmaster
  • Spawn Location: 7:00

llllllllllll (GuMiho) - Winner!

  • Race: Terran Terran
  • League: Master
  • Spawn Location: 1:00

Event: 2019 Assembly Summer

VOD

Have the link to the VOD?

Description

Time

  • Played on: Aug. 1, 2019, 11:04 a.m.
  • Length: 7:05

All games in this series

Show
View Real Time Build Order
Export as new Build Order

MarineLorD Terran 

Build Orders: Gas First Reaper Expand, Liberator Opening 

Get SALT Encoding   

  12  0:00  SCV  
  13  0:12  SCV  
  14  0:17  Supply Depot  
  14  0:24  SCV  
  15  0:30  Refinery  
  15  0:38  SCV  
  16  0:44  Barracks  
  16  0:50  SCV  
  17  1:02  SCV  
  18  1:15  SCV  
  19  1:31  Reaper  
  19  1:32  Orbital Command  
  20  1:45  Command Center  
  20  1:57  Factory  
  20  1:58  SCV  
  21  2:07  Barracks Reactor  
  21  2:10  SCV  
  21  2:13  Supply Depot  
  22  2:17  Refinery  
  22  2:22  SCV  
  23  2:34  SCV  
  23  2:46  SCV  
  23  2:49  Hellion x2  
  26  2:54  Starport  
  26  2:55  Barracks Tech Lab  
  24  3:00  SCV  
  25  3:10  Hellion x2  
  25  3:12  SCV  
  30  3:19  Orbital Command  
  30  3:24  SCV  
  31  3:32  Hellion  
  32  3:35  Liberator  
  32  3:36  SCV  
  32  3:40  Hellion  
  31  3:47  Marine  
  28  3:49  SCV  
  32  4:01  SCV x2  
  32  4:11  Cyclone  
  32  4:13  SCV x2  
  32  4:16  Marine  
  32  4:17  Marine  
  39  4:25  SCV x2  
  41  4:32  Supply Depot  
  41  4:35  Starport Tech Lab  
  41  4:37  SCV x2  
  43  4:40  Marine x2  
  45  4:49  SCV  
  45  4:50  Supply Depot  
  46  4:53  Siege Tank, SCV  
  46  4:54  Supply Depot  
  46  4:56  Raven  
  52  5:01  Marine, SCV  
  54  5:11  Marine, SCV  
  54  5:13  Refinery, SCV  
  57  5:18  Supply Depot  
  57  5:23  Marine, SCV  
  57  5:25  Siege Tank, SCV  
  63  5:29  Marine  
  61  5:35  SCV  
  61  5:37  SCV  
  59  5:48  SCV  
  59  5:49  Marine, SCV  
  60  6:00  SCV  
  60  6:02  SCV  
  62  6:09  Refinery  
  62  6:12  Raven, Command Center, SCV  
  62  6:14  SCV  
  66  6:19  Marine  
  66  6:21  Siege Tank  
  66  6:24  SCV  
  70  6:26  SCV  
  60  6:36  SCV  
  60  6:38  SCV  
  58  6:42  Marine x2, Command Center  
  59  6:48  SCV  
  59  6:50  SCV  
  55  7:04  Barracks  
Show
View Real Time Build Order
Export as new Build Order

llllllllllll Terran - Winner!

Build Orders:  

Get SALT Encoding   

  12  0:00  SCV  
  13  0:12  SCV  
  14  0:17  Supply Depot  
  14  0:24  SCV  
  14  0:27  Refinery  
  15  0:39  SCV  
  16  0:44  Barracks  
  16  0:51  SCV  
  16  0:56  Refinery  
  17  1:03  SCV  
  18  1:15  SCV  
  19  1:27  SCV  
  19  1:32  Factory  
  20  1:33  Reaper  
  20  1:39  Orbital Command  
  21  1:47  Supply Depot  
  21  2:04  SCV  
  21  2:05  Reaper  
  23  2:16  Hellion  
  23  2:21  Command Center  
  25  2:25  SCV  
  26  2:30  Supply Depot  
  25  2:37  Reaper, SCV  
  25  2:40  Hellion  
  29  2:49  SCV  
  30  2:55  Starport  
  30  3:01  SCV  
  30  3:02  Hellion  
  33  3:07  Supply Depot  
  33  3:11  Barracks Reactor  
  33  3:13  SCV  
  34  3:21  Refinery  
  34  3:23  Factory Tech Lab  
  34  3:26  SCV  
  35  3:32  Starport Tech Lab  
  34  3:42  Cyclone  
  34  3:48  Marine x2  
  34  3:49  SCV  
  34  3:51  Banshee  
  40  4:02  Orbital Command  
  37  4:06  Marine x2  
  37  4:08  SCV  
  40  4:14  Siege Tank  
  43  4:20  Supply Depot, SCV  
  43  4:24  Marine  
  44  4:26  Marine  
  44  4:28  SCV  
  47  4:34  SCV  
  47  4:35  Raven  
  50  4:40  Supply Depot, SCV  
  50  4:44  Marine x2  
  53  4:50  Siege Tank  
  53  4:51  SCV  
  57  4:53  SCV  
  57  4:59  Supply Depot  
  58  5:03  SCV  
  58  5:05  Marine x2, SCV  
  62  5:08  Supply Depot  
  62  5:15  SCV  
  62  5:17  SCV  
  62  5:18  Raven  
  66  5:27  SCV  
  67  5:30  SCV  
  70  5:35  Siege Tank  
  70  5:40  SCV  
  70  5:42  SCV  
  72  5:46  Command Center  
  72  5:51  Marine x2  
  72  5:52  SCV  
  72  5:54  SCV  
  76  6:01  Raven  
  73  6:04  SCV  
  73  6:06  SCV  
  73  6:08  Marine  
  73  6:09  Marine  
  77  6:21  Siege Tank  
  77  6:22  Refinery  
  77  6:24  Supply Depot, SCV  
  81  6:26  Marine x2  
  77  6:34  SCV  
  77  6:37  SCV  
  79  6:44  Marine x2  
  81  6:48  Engineering Bay  
  81  6:52  Engineering Bay, SCV  
Tags
 
Add a new tag
Caveats
  • Supply blocks, unpowered buildings, or Contaminate may cause inaccurate times.
  • Supply counts are checked every 10 seconds.